 Dungeon Crawl Stone Soup version 0.31-a0-358-gac0dbeb3ab (webtiles) character file.

Game seed: 13470497523791188001

84 CraigForest the Ruffian (level 4, -3/35 HPs)
             Began as a Draconian Shapeshifter on July 25, 2023.
             Slain by a gnoll
             ... wielding a +0 halberd
              (8 damage)
             ... on level 2 of the Dungeon.
             The game lasted 00:07:34 (1453 turns).

CraigForest the Ruffian (Draconian Shapeshifter)    Turns: 1453, Time: 00:07:35

Health: -3/35      AC:  5    Str: 17    XL:     4   Next: 23%
Magic:  4/4        EV: 12    Int:  9    God:
Gold:   103        SH:  0    Dex: 13    Spells: 3/3 levels left

rFire   . .          .
                       - Unarmed
rCold   . . .        (no shield)
rNeg    . . .        (body armour unavailable)
rPois   .            (helmet currently unavailable)
rElec   .            (cloak currently unavailable)
rCorr   +            (gloves currently unavailable)
SInv    .            (boots currently unavailable)
Will    .....        (no amulet)
Stlth   +            o - ring of resist corrosion
HPRegen 0.25/turn    (no ring)
MPRegen 0.09/turn

%: no passive effects
@: beast-form
A: beast (slay +2), AC +5, unfitting armour, cold-blooded
a: Begin Untransformation


You were on level 2 of the Dungeon.
You were a hulking beast.
You visited 1 branch of the dungeon, and saw 2 of its levels.

You collected 103 gold pieces.

Inventory:

Hand Weapons
 j - a +0 short sword
Armour
 r - a +2 pair of boots
Jewellery
 o - a ring of resist corrosion (left hand)
Talismans
 b - a beast talisman
Wands
 u - a wand of paralysis (10)
Scrolls
 d - a scroll of torment {unknown}
 e - a scroll of immolation {unknown}
 f - a scroll of acquirement {unknown}
 h - 2 scrolls of amnesia {unknown}
 m - a scroll of fear {unknown}
 n - a scroll of identify {unknown}
 q - 2 scrolls of fog {unknown}
 s - a scroll of poison {unknown}
Potions
 a - 2 potions of lignification
 c - a potion of brilliance {unknown}
 g - a potion of enlightenment {unknown}
 i - a potion of heal wounds {unknown}
 k - a potion of degeneration {unknown}
 l - a potion of mutation {unknown}
 p - a potion of cancellation {unknown}
 t - a potion of curing {unknown}


   Skills:
 + Level 1.5 Fighting
 + Level 2.1 Dodging
 + Level 4.0 Unarmed Combat
 + Level 3.6 Shapeshifting


You had 3 spell levels left.
You didn't know any spells.
Your spell library was empty.

Dungeon Overview and Level Annotations

Branches:
Dungeon (2/15)

Altars:


Innate Abilities, Weirdness & Mutations

You are a hulking beast.
Your limbs bulge with bestial killing power. (Slay +2)
Your plain brown scales are hard. (AC +5)
You cannot fit into any form of body armour.
You are cold-blooded and may be slowed by cold attacks.


Message History

You hit the giant cockroach.
You kill the giant cockroach!
You see here a giant cockroach corpse.
Found a beast talisman.
You see here a beast talisman.
A ball python and 3 gnolls come into view.
The gnoll shouts!
The ball python hisses angrily.
You hit the ball python.
You kill the ball python!
You punch the gnoll!
The gnoll is heavily wounded.
The gnoll hits you with a +0 whip.
You hit the gnoll.
The gnoll is severely wounded.
You punch the gnoll!
You kill the gnoll!
Your Unarmed Combat skill increases to level 4!
You have reached level 4!
You feel clever.
You hit the gnoll.
The gnoll is heavily wounded.
The gnoll misses you. x2
You closely miss the gnoll.
The gnoll is heavily wounded.
The gnoll barely misses you.
The gnoll hits you from afar with a +0 halberd!
You hit the gnoll. You tail-slap the gnoll.
You kill the gnoll!
The gnoll hits you from afar with a +0 halberd!
* * * LOW HITPOINT WARNING * * *
The gnoll barely misses you.
Things that are here:
a +0 club; a +0 whip You closely miss the gnoll.
The gnoll hits you with a +0 halberd.
* * * LOW HITPOINT WARNING * * *
You punch the gnoll!
The gnoll is severely wounded.
The gnoll hits you with a +0 halberd!
You die...

##########
#####........gh.#
#.....#########.#
###.# #######.##
....# #........#
##### ###..◎.....#
#########..........#
...................#
.....###..#.......##
.....###.#..#####....


You could see a gnoll.

Vanquished Creatures
  3 gnolls (D:2)
  3 worms (D:2)
  A dart slug (D:2)
  4 endoplasms
  2 giant cockroaches (D:2)
  5 hobgoblins (D:1)
  8 kobolds
  5 quokkas
  4 ball pythons
  4 bats (D:1)
  A frilled lizard (D:2)
  2 goblins
  2 rats (D:1)
44 creatures vanquished.

Notes
Turn   | Place    | Note
-------+----------+-------------------------------------------
     0 | D:1      | CraigForest the Draconian Shapeshifter began the quest for
                  | the Orb.
     0 | D:1      | Reached XP level 1. HP: 16/16 MP: 1/1
   136 | D:1      | Reached XP level 2. HP: 21/23 MP: 2/2
   989 | D:1      | Reached XP level 3. HP: 25/28 MP: 3/3
  1448 | D:2      | Reached skill level 4 in Unarmed Combat
  1448 | D:2      | Reached XP level 4. HP: 29/35 MP: 4/4
  1453 | D:2      | Slain by a gnoll

Illustrated notes

Levels and vault maps discovered:
D:1:      spicycebolla_arrival_risky_transporter, layout_basic,
          chequers_serial_rivers_large_b, minmay_cut_off
D:2:      layout_rooms

Skill      XL: |  1  2  3 |
---------------+----------+-----
Dodging        | 2 |  2.1
Unarmed Combat | 4 |  4.0
Fighting       | |  1.5
Shapeshifting  | |  3.6

Action                     |  1- 3 |  4- 6 || total
---------------------------+-------+-------++-------
  Melee: Unarmed           |   118 |     5 ||   123
         Tailslap          |    10 |     1 ||    11
         Punch             |     3 |       ||     3
Ability: Begin Untransform |     1 |       ||     1
 Armour: Skin              |    30 |       ||    30
  Dodge: Dodged            |    70 |     4 ||    74
   Form: Beast             |     1 |       ||     1

Table legend: (Time is in decaauts)
 A = Elapsed time spent in this place.
 B = Non-inter-level travel time spent in this place.
 C = Inter-level travel time spent in this place.
 D = Time resting spent in this place.
 E = Time spent auto-exploring this place.
 F = Levels seen in this place.
 G = Mean time per level.
                   A        B        C        D        E       F      G
               +--------+--------+--------+--------+--------+-----+--------+
         Total |   1492 |   1266 |    226 |      0 |    956 |   2 |  746.0 |
       Dungeon |   1492 |   1266 |    226 |      0 |    956 |   2 |  746.0 |
               +--------+--------+--------+--------+--------+-----+--------+

Top non-repeatable levels by time:
     D:1: 1081 daAuts
     D:2: 411 daAuts
